 Dungeon Crawl Stone Soup version 0.13.1 (webtiles) character file.

4853 Lilouch the Thaumaturge (level 10, -3/50 HPs)
             Began as a Kobold Fire Elementalist on Nov 29, 2013.
             Was an Elder of Vehumet.
             Slain by a seven-headed hydra (14 damage)
             ... on Level 1 of the Lair of Beasts.
             The game lasted 01:22:48 (11669 turns).

Lilouch the Thaumaturge (Kobold Fire Elementalist) Turns: 11669, Time: 01:22:52

HP  -3/50        AC  6     Str  8      XL: 10   Next: 59%
MP  16/27        EV 15     Int 19      God: Vehumet [****..]
Gold 508         SH  0     Dex 16      Spells:  9 memorised,  2 levels left

Res.Fire  : . . .   See Invis. : .   L - -1,+1 war axe "Cradgh" {holy, rElec rPois Int+3}
Res.Cold  : + . .   Warding    : .   S - +0 robe (curse)
Life Prot.: . . .   Conserve   : .   (no shield)
Res.Poison: +       Res.Corr.  : .   o - +0 helmet
Res.Elec. : +       Clarity    : .   t - +1 cloak
Sust.Abil.: . .     Spirit.Shd : .   (no gloves)
Res.Mut.  : .       Stasis     : .   E - +0 pair of boots
Res.Rott. : .       Flight     : .   (no amulet)
Saprovore : + + .                    (no ring)
                                     s - ring of protection from cold

@: somewhat resistant to hostile enchantments, stealthy
A: disease resistance, carnivore 3, saprovore 2
a: Renounce Religion


You were on level 1 of the Lair of Beasts.
You worshipped Vehumet.
Vehumet was greatly pleased with you.
You were very full.

You visited 2 branches of the dungeon, and saw 9 of its levels.
You also visited: Sewer.

You collected 488 gold pieces.

Inventory:

Hand weapons
 n - a +3,+2 flail of protection
 z - the +6,+3 crossbow "Conservator" {frost, rF- Int+4}
   (You found it on level 7 of the Dungeon)

   It turns projectiles fired from it into bolts of frost.
   It affects your intelligence (+4).
   It makes you vulnerable to fire.
 H - a +2,+0 spear of dragon slaying
 L - the -1,+1 war axe "Cradgh" (weapon) {holy, rElec rPois Int+3}
   (You found it on level 7 of the Dungeon)

   It has been blessed by the Shining One to cause great damage to the undead
   and demons.
   It affects your intelligence (+3).
   It insulates you from electricity.
   It protects you from poison.
Missiles
 d - 14 silver darts (quivered)
 F - 18 poisoned bolts
 G - 14 bolts
Armour
 o - a +0 helmet (worn)
 t - a +1 cloak (worn)
 E - a +0 pair of boots (worn)
 S - a cursed +0 robe (worn)
Magical devices
 i - a wand of frost (2)
 m - a wand of draining (3)
 y - a wand of disintegration (16)
 C - a wand of digging (13)
 I - a wand of lightning (11)
Comestibles
 a - a chunk of green rat flesh
 c - 5 meat rations
Scrolls
 b - a scroll of identify
 e - a scroll of summoning
 g - 4 scrolls of enchant weapon II
 p - 2 scrolls of fear
 q - 3 scrolls of teleportation
 P - a scroll of blinking
Jewellery
 f - a +1 ring of strength {unknown}
 s - a ring of protection from cold (left hand)
Potions
 h - a potion of brilliance {unknown}
 k - 4 potions of curing
 u - 3 potions of heal wounds
 M - 3 potions of flight
 Q - a potion of speed


   Skills:
 - Level 2.4 Dodging
 - Level 2.6 Stealth
 + Level 10.6 Spellcasting
 - Level 4.7 Conjurations
 - Level 8.0 Fire Magic


You had 2 spell levels left.
You knew the following spells:

 Your Spells              Type           Power        Failure   Level  Hunger
a - Flame Tongue          Conj/Fire      ####.        1%          1    None
b - Throw Flame           Conj/Fire      ####..       1%          2    None
c - Conjure Flame         Conj/Fire      ####....     1%          3    None
d - Sticky Flame          Conj/Fire      ####....     1%          4    ##.....
e - Shock                 Conj/Air       ###.         1%          1    None
f - Fireball              Conj/Fire      ####......   4%          5    ####...
g - Throw Icicle          Conj/Ice       ###.....     8%          4    ##.....
h - Lightning Bolt        Conj/Air       ###.......   30%         5    ####...
i - Mephitic Cloud        Conj/Pois/Air  ###.....     3%          3    None


Dungeon Overview and Level Annotations

Branches:
Dungeon (8/27)             Temple (0/1) D:4            Lair (1/8) D:8
    Orc: D:6-11

Altars:
Kikubaaqudgha
Nemelex Xobeh
Okawaru
Trog
Vehumet
Xom


Innate Abilities, Weirdness & Mutations

You recuperate from illness quickly.
You are small and have problems with some larger weapons.
You are carnivorous and can eat meat at any time.
You can eat rotten meat.


Message History

The seven-headed hydra is covered in liquid flames!
The seven-headed hydra burns!
The seven-headed hydra bites you!
The seven-headed hydra barely misses you.
The seven-headed hydra misses you.
The seven-headed hydra bites you but does no damage.
The seven-headed hydra misses you. The seven-headed hydra bites you.
The seven-headed hydra closely misses you.
The seven-headed hydra burns!
The seven-headed hydra burns!
The seven-headed hydra burns!
The seven-headed hydra burns!
The seven-headed hydra burns!
The seven-headed hydra burns!
The seven-headed hydra burns!
The seven-headed hydra bites you! The seven-headed hydra bites you!
* * * LOW HITPOINT WARNING * * *
The seven-headed hydra closely misses you.
The seven-headed hydra barely misses you.
The seven-headed hydra bites you!
You die...

#.............. #...........
#...##..... #.####..........
#....#.#.#####.#.#......#####
#.......##............##### #
#.......................#.##.#
#............................#.#
#...............................
#..............D................
#..............@..%............
#..............................
#..........%...................
..............................
................%............
.............%.............#
...................########
..................##
###..##...........# #


You could see a seven-headed hydra (burning).

Vanquished Creatures
  Pikel (D:8)
  Joseph (D:8)
  Edmund (D:7)
  A slave (D:8)
  A sky beast (D:8)
  A porcupine (Lair:1)
  An ice beast (D:5)
  A phantom (D:4)
  4 ogres
  2 orc warriors
  A centaur (D:7)
  A crocodile (Lair:1)
  A giant slug (Lair:1)
  7 giant frogs
  An agate snail (Lair:1)
  A gnoll sergeant (D:6)
  3 killer bees (D:8)
  A hippogriff zombie (D:7)
  A troll zombie (D:5)
  3 goliath beetles
  3 jellies
  3 orc priests (D:6)
  2 crimson imps
  A giant frog zombie (D:7)
  5 hounds
  3 orc wizards
  2 scorpions
  A centaur skeleton (D:8)
  A giant frog skeleton (D:6)
  A worker ant (D:5)
  3 sky beast zombies (D:7)
  Jessica (D:2)
  A mummy (D:7)
  15 gnolls
  A steam dragon zombie (D:7)
  16 adders
  9 green rats (Lair:1)
  3 giant mites
  7 worms
  A goliath beetle zombie (D:7)
  An adder skeleton (D:8)
  A giant eyeball (D:8)
  14 giant geckos
  8 oozes
  19 orcs
  A gnoll zombie (D:7)
  9 hobgoblins
  13 jackals
  13 kobolds
  4 quokkas
  8 ball pythons
  16 bats
  8 giant cockroaches
  3 giant newts
  10 goblins
  A hobgoblin zombie (D:6)
  A kobold skeleton (D:7)
  An orc skeleton (D:7)
  A quokka skeleton (D:8)
  24 rats
269 creatures vanquished.

Notes
Turn   | Place    | Note
--------------------------------------------------------------
     0 | D:1      | Lilouch, the Kobold Fire Elementalist, began the quest for the Orb.
     0 | D:1      | Reached XP level 1. HP: 10/10 MP: 3/3
   309 | D:1      | Reached skill level 1 in Conjurations
   309 | D:1      | Reached XP level 2. HP: 13/15 MP: 2/4
   612 | D:1      | Reached XP level 3. HP: 16/19 MP: 6/6
  1262 | D:2      | Reached skill level 4 in Fire Magic
  1276 | D:2      | Reached XP level 4. HP: 24/24 MP: 7/7
  1287 | D:2      | Learned a level 2 spell: Throw Flame
  1291 | D:2      | Learned a level 3 spell: Conjure Flame
  1569 | D:2      | Reached XP level 5. HP: 28/28 MP: 9/9
  1798 | D:2      | Noticed Jessica
  1804 | D:2      | Killed Jessica
  2116 | D:2      | Found a radiant altar of Vehumet.
  2122 | D:2      | Found an iron altar of Okawaru.
  2127 | D:2      | Became a worshipper of Vehumet
  2987 | D:3      | Reached XP level 6. HP: 25/32 MP: 7/11
  3143 | D:3      | Reached skill level 5 in Fire Magic
  3813 | D:4      | Found a staircase to the Ecumenical Temple.
  3926 | D:4      | Learned a level 4 spell: Sticky Flame
  3959 | D:4      | Reached XP level 7. HP: 7/36 MP: 0/13
  4390 | D:4      | Reached skill level 6 in Fire Magic
  4473 | D:4      | Found a bloodstained altar of Trog.
  4507 | D:4      | Acquired Vehumet's first power
  4507 | D:4      | Offered knowledge of Magic Dart by Vehumet.
  4535 | D:5      | Entered Level 5 of the Dungeon
  5054 | D:5      | Reached XP level 8. HP: 41/41 MP: 14/17
  5155 | D:5      | Found a sparkling altar of Nemelex Xobeh.
  5312 | D:5      | Reached skill level 7 in Fire Magic
  5956 | D:6      | Offered knowledge of Shock by Vehumet.
  5968 | D:6      | Learned a level 1 spell: Shock
  6291 | D:6      | HP: 2/41 [bat (1)]
  6460 | D:6      | Reached skill level 8 in Fire Magic
  6461 | D:6      | Reached XP level 9. HP: 20/45 MP: 15/20
  6507 | D:6      | Learned a level 5 spell: Fireball
  6548 | D:6      | Offered knowledge of Mephitic Cloud by Vehumet.
  6570 | D:6      | Found a glowing drain.
  6588 | Sewer    | Entered a sewer
  6591 | Sewer    | Acquired Vehumet's second power
  6777 | Sewer    | Identified a +0 rod of demonology (11/11) (You found it on level 5 of the Dungeon)
  6792 | Sewer    | Offered knowledge of Throw Icicle by Vehumet.
  7128 | Sewer    | Noticed a soul eater
  7646 | D:6      | Found a shimmering altar of Xom.
  7733 | D:6      | Reached skill level 5 in Spellcasting
  8081 | D:7      | Got a crystal crossbow
  8082 | D:7      | Identified the crossbow "Conservator" {frost, rF- Int+4} (You found it on level 7 of the Dungeon)
  8089 | D:7      | Found an ancient bone altar of Kikubaaqudgha.
  8187 | D:7      | Acquired Vehumet's third power
  8296 | D:7      | Got an ichor-stained war axe
  8297 | D:7      | Identified the war axe "Cradgh" {holy, rElec rPois Int+3} (You found it on level 7 of the Dungeon)
  8696 | D:7      | Learned a level 4 spell: Throw Icicle
  8739 | D:7      | Offered knowledge of Lightning Bolt by Vehumet.
  9195 | D:7      | Noticed Edmund
  9207 | D:7      | Killed Edmund
 10269 | D:8      | Paralysed by a giant eyeball for 4 turns
 10461 | D:8      | Noticed Joseph
 10482 | D:8      | Killed Joseph
 10482 | D:8      | Reached XP level 10. HP: 43/50 MP: 7/26
 10539 | D:8      | Noticed Pikel
 10546 | D:8      | Killed Pikel
 10546 | D:8      | Reached skill level 9 in Spellcasting
 10766 | D:8      | Reached skill level 10 in Spellcasting
 10898 | D:8      | Found a staircase to the Lair.
 10924 | Lair:1   | Entered Level 1 of the Lair of Beasts
 11018 | Lair:1   | Learned a level 5 spell: Lightning Bolt
 11022 | Lair:1   | Learned a level 3 spell: Mephitic Cloud
 11657 | Lair:1   | Noticed a seven-headed hydra
 11669 | Lair:1   | Slain by a seven-headed hydra

Action                   |  1- 3 |  4- 6 |  7- 9 | 10-12 || total
-------------------------+-------+-------+-------+-------++-------
Melee: Dagger            |    37 |    89 |    67 |       ||   193
       War axe           |       |       |    51 |    31 ||    82
       Spear             |       |       |    10 |       ||    10
 Fire: Crossbow          |       |       |    46 |       ||    46
Throw: Stone             |     8 |       |     1 |       ||     9
       Dart              |       |       |     4 |       ||     4
 Cast: Flame Tongue      |    19 |    64 |   243 |    59 ||   385
       Conjure Flame     |       |     3 |    47 |    21 ||    71
       Throw Flame       |       |     2 |     1 |       ||     3
       Sticky Flame      |       |       |    12 |     5 ||    17
       Shock             |       |       |    31 |       ||    31
       Throw Icicle      |       |       |     4 |     1 ||     5
       Fireball          |       |       |       |     2 ||     2
       Mephitic Cloud    |       |       |       |     2 ||     2
Evoke: Wand              |       |       |     5 |       ||     5
       Rod               |       |       |     1 |       ||     1
  Use: Scroll            |       |       |    16 |     1 ||    17
       Potion            |       |       |     2 |       ||     2
 Stab: Sleeping          |     4 |     3 |     2 |       ||     9
